Unix NetHack Version 5.0.0-0 post-release - last build Jul 19 2026 19:10:59 (3aa4ab31751d3886436d94b585a96704892fd477,branch:main).

Game began 2026-07-20 22:05:19, ended 2026-07-20 22:26:01.

DaveT, lawful male human Priest

                                                                           ----
                                                        ...-----------------..|
                                                         -*..|................|
                                                         |.....--...---.----.--
                                                         |..-----........| |.|
                                                       | |..|  |........-- |.|
                                                       |.|..-- |........|  |<|
                                                       |.|.oo---.......-|  |.|
                                                       |o..oo@.b.....[..|  |.|
                                                       -.|...o.......[..----)|
                                                       ..|.....-.....%....|..|
                                                      -- |........--.--......|
                                                         |.|.|...-------....--
                                                       | |.|----.|     |....|
                                                       |.#.|   ---     ------
                                                       |.|.|
                                                       - |`

DaveT the Adept              St:12 Dx:16 Co:15 In:9 Wi:18 Ch:8  Lawful
Dlvl:7  $:204 HP:0(60) Pw:106(106) AC:-1 Xp:7 T:3952  Burdened

Latest messages:
 You hit Unaoth of Ahaiog!
 Ugrisa of Ahaiog picks up an iron skull cap.
 Unaoth of Ahaiog swings her curved sword.
 Unaoth of Ahaiog misses!
 You hit Unaoth of Ahaiog!
 Unaoth of Ahaiog swings her curved sword.
 Unaoth of Ahaiog just misses!
 You hit Unaoth of Ahaiog.
 Unaoth of Ahaiog swings her curved sword.
 Unaoth of Ahaiog misses!
 Ugrisa of Ahaiog hits!
 Unaoth of Ahaiog swings her curved sword.
 Unaoth of Ahaiog hits!
 You kill Unaoth of Ahaiog!
 Ugrisa of Ahaiog misses!
 You hit Ugrisa of Ahaiog!
 Ugrisa of Ahaiog misses!
 You kill Ugrisa of Ahaiog!
 Welcome to experience level 7.
 There are several objects here.
 You hit Thosaiula of Ahaiog!
 Thosaiula of Ahaiog hits!
 Thosaiula of Ahaiog misses!
 Haiaun of Ahaiog wields a blessed curved sword!
 You hit Thosaiula of Ahaiog.
 Thosaiula of Ahaiog hits!
 You kill Thosaiula of Ahaiog!
 Haiaun of Ahaiog swings his curved sword.
 Haiaun of Ahaiog hits!
 You see here 10 rocks.
 Haiaun of Ahaiog swings his curved sword.
 Haiaun of Ahaiog misses!
 Grisairuka of Ahaiog misses!
 Haiaun of Ahaiog swings his curved sword.
 Haiaun of Ahaiog hits!
 You hit Grisairuka of Ahaiog.
 You hit Grisairuka of Ahaiog!
 Grisairuka of Ahaiog misses!
 You hit Haiaun of Ahaiog.
 Grisairuka of Ahaiog misses!
 Haiaun of Ahaiog swings his curved sword.
 Haiaun of Ahaiog misses!
 Ugrisuhai of Ahaiog thrusts his crude dagger.
 Ugrisuhai of Ahaiog hits!
 Grisairuka of Ahaiog misses!
 Ugrisuhai of Ahaiog thrusts his crude dagger.
 Ugrisuhai of Ahaiog hits!
 You die...
 Do you want your possessions identified? [ynq] (y) y
 Do you want to see your attributes? [ynq] (y) q

Inventory:
 Coins    ('$')
  $ - 204 gold pieces
 Weapons  (')')
  F - 6 blessed +0 darts (at the ready)
  Q - 10 +0 darts
  U - 3 +1 daggers
  H - a +0 dagger
  p - a blessed +0 elven spear
  I - a +0 orcish dagger
  P - a +0 aklys
  a - a blessed very corroded +2 mace (weapon in right hand)
  k - a +0 mace
 Armor    ('[')
  m - a +0 orcish helm (being worn)
  N - a +0 pair of elven boots (being worn)
  c - a +0 small shield (being worn)
  b - a +0 robe (being worn)
  r - a +0 banded mail (being worn)
 Comestibles  ('%')
  e - 2 cloves of garlic
  j - 2 food rations
  f - 2 sprigs of wolfsbane
 Spellbooks  ('+')
  T - a spellbook of knock
 Potions  ('!')
  G - a potion of healing
  d - 2 potions of holy water
 Wands    ('/')
  X - a wand of striking (0:0)
  Y - a wand of striking (0:0)
 Tools    ('(')
  R - a +0 pick-axe
  S - a blessed wax candle
  V - a blessed partly used wax candle

DaveT the Priest's attributes:

Background:
 You were an Adept, a level 7 human Priest.
 You were lawful, on a mission for Issek
 who was opposed by Mog (neutral) and Kos (chaotic).
 You were right-handed.
 You were in the Gnomish Mines, on level 7.
 You entered the dungeon 3952 turns ago.
 It was nighttime.
 You had 655 experience points, 625 more were needed to attain level 8.

Basics:
 You had 0 out of 60 hit points.
 You had all 106 energy points (spell power).
 Your armor class was -1.
 Your wallet contained 204 zorkmids.
 Autopickup was off.

Final Characteristics:
 Your strength was 12 (limit:18/100).
 Your dexterity was 16 (limit:18).
 Your constitution was 15 (limit:18).
 Your intelligence was 9 (limit:18).
 Your wisdom was 18 (limit:18).
 Your charisma was 8 (limit:18).

Final Status:
 You weren't hungry.
 You were burdened; movement was slightly slowed.
 You were wielding a mace.
 You were skilled in mace.

Final Attributes:
 You were piously aligned.
 You were stealthy.
 You were guarded.
 Your spell casting was impaired by metallic armor, mitigated by your robe.
 You are dead.

Miscellaneous:
 You didn't encounter any bones levels.
 Total elapsed playing time was 20 minutes and 41 seconds.

Major events:
 Turn
    1: DaveT the lawful human Priest entered the dungeon
  992: attained the rank of Acolyte (level 3)
 1697: entered the Gnomish Mines
 3313: attained the rank of Adept (level 6)
 3630: reached Mine Town
 3952: killed by a hill orc called Ugrisuhai of Ahaiog

Spells:
 Name                 Level Category     Fail Retention
 light                  1   clerical      67%   81%-90%
 cure sickness          3   healing      100%  76%-100%

Skills:
 Fighting Skills
   bare handed combat [Unskilled]
 Weapon Skills
   club               [Unskilled]
   mace               [Skilled]
   morning star       [Unskilled]
   flail              [Unskilled]
   hammer             [Unskilled]
   quarterstaff       [Unskilled]
   polearms           [Unskilled]
   spear              [Unskilled]
   trident            [Unskilled]
   lance              [Unskilled]
   bow                [Unskilled]
   sling              [Unskilled]
   crossbow           [Unskilled]
   dart               [Unskilled]
   shuriken           [Unskilled]
   boomerang          [Unskilled]
   unicorn horn       [Unskilled]
 Spellcasting Skills
   healing spells     [Unskilled]
   divination spells  [Unskilled]
   clerical spells    [Basic]

Voluntary challenges:
 Character rerolling was not enabled.
 You never genocided any monsters.
 You never polymorphed an object.
 You never changed form.
 You used no wishes.
Achievements:
 You entered a shop.
 You attained the rank of Acolyte.
 You entered the Gnomish Mines.
 You attained the rank of Adept.
 You entered Minetown.

 The Dungeons of Doom: levels 1 to 5
    Level 1:
    Level 2:
       A general store.
    Level 3:
       A fountain.
    Level 4:
       A fountain, a sink.
       Stairs down to The Gnomish Mines.
    Level 5:
 The Gnomish Mines: levels 5 to 7
    Level 5:
    Level 6:
    Level 7: <- You were here.
       Final resting place for
          you, killed by a hill orc called Ugrisuhai of Ahaiog.


Vanquished creatures:
 an orc-captain
 an imp
 an Uruk-hai
  4 orc shamans
  a rock piercer
  a pony
  2 gnome leaders
  a ghoul
  a floating eye
  3 dwarves
  7 hill orcs
  2 dwarf zombies
  2 werejackals
  2 iguanas
  3 acid blobs
  a coyote
  a gas spore
  2 hobgoblins
  4 giant rats
  2 yellow molds
  a green mold
 15 gnomes
  3 geckos
  4 jackals
  2 foxes
  a kobold
  4 goblins
  3 sewer rats
  6 grid bugs
  2 lichens
  a kobold zombie
  7 newts
91 creatures vanquished.

No species were genocided or became extinct.

Game over:
                       ----------
                      /          \
                     /    REST    \
                    /      IN      \
                   /     PEACE      \
                  /                  \
                  |      DaveT       |
                  |      204 Au      |
                  | killed by a hill |
                  |    orc called    |
                  |   Ugrisuhai of   |
                  |      Ahaiog      |
                  |       2026       |
                 *|     *  *  *      | *
        _________)/\\_//(\/(/\)/\//\/|_)_______

Goodbye DaveT the Priest...

You died in The Gnomish Mines on dungeon level 7 with 3154 points,
and 204 pieces of gold, after 3952 moves.
You were level 7 with a maximum of 60 hit points when you died.

